 Dungeon Crawl Stone Soup version 0.31.0-32-g396128a36d (webtiles) character file.

Game seed: 10485929881330080518

7763 Peloso the Carver (level 11, -16/97 HPs)
             Began as a Minotaur Fighter on Apr 9, 2024.
             Was a Priest of Okawaru.
             Demolished by a death yak (20 damage)
             ... on level 10 of the Dungeon.
             The game lasted 00:15:52 (7677 turns).

Peloso the Carver (Minotaur Fighter)                Turns: 7677, Time: 00:15:53

Health: -16/97     AC: 13    Str: 20    XL:     11   Next: 1%
Magic:  10/10      EV: 10    Int:  5    God:    Okawaru [***...]
Gold:   283        SH:  6    Dex: 15    Spells: 10/10 levels left

rFire   . . .        a - +0 scimitar
rCold   . . .        d - +0 buckler
rNeg    . . .        c - +0 chain mail
rPois   .            (helmet restricted)
rElec   .            (no cloak)
rCorr   +            k - +0 pair of gloves
SInv    +            (no boots)
Will    .....        g - amulet of regeneration Stlth
                     i - ring of resist corrosion
HPRegen 1.16/turn    h - ring of see invisible
MPRegen 0.12/turn

%: no passive effects
@: no status effects
A: horns 2, retaliatory headbutt
a: Renounce Religion, Heroism


You were on level 10 of the Dungeon.
You worshipped Okawaru.
Okawaru was most pleased with you.
You visited 2 branches of the dungeon, and saw 13 of its levels.

You collected 515 gold pieces.
You spent 232 gold pieces at shops.

Inventory:

Hand Weapons
 a - a +0 scimitar (weapon)
Missiles
 o - a throwing net (quivered)
Armour
 b - a +0 scale mail
 c - a +0 chain mail (worn)
 d - a +0 buckler (worn)
 k - a +0 pair of gloves (worn)
Jewellery
 g - an amulet of regeneration (around neck)
 h - a ring of see invisible (right hand)
 i - a ring of resist corrosion (left hand)
 q - a ring of fire
 C - a ring of flight
Talismans
 r - a blade talisman
 A - the blade talisman of Dice, Bag, and Bottle {Int+2}
   (You found it on level 11 of the Dungeon)

   [blade talisman]

   Int+2:     It affects your intelligence (+2).
Wands
 m - a wand of paralysis (15)
 w - a wand of flame (22)
 D - a wand of digging (4)
Scrolls
 e - a scroll of blinking
 n - a scroll of summoning {unknown}
 p - 4 scrolls of immolation {unknown}
 s - a scroll of amnesia
 t - 2 scrolls of enchant armour
 u - a scroll of teleportation
 x - 3 scrolls of fog {unknown}
 y - a scroll of vulnerability
Potions
 f - 2 potions of might
 j - a potion of brilliance
 l - a potion of invisibility {unknown}
 v - a potion of enlightenment
 z - a potion of mutation
 B - a potion of heal wounds {unknown}


   Skills:
 + Level 9.4 Fighting
 + Level 12.4 Long Blades
 + Level 10.7 Armour
 + Level 4.4 Dodging
 + Level 2.0 Stealth
 + Level 8.1 Shields
 + Level 0.1 Invocations
 + Level 0.1 Evocations


You had 10 spell levels left.
You didn't know any spells.
Your spell library contained the following spells:

 Spells                   Type           Power      Damage    Failure   Level
 Magic Dart               Conj           0%         1d3       98%         1
 Blink                    Tloc           0%         N/A       99%         2
 Cigotuvi's Dreadful Rot  Necr/Alch/Air  0%         N/A       99%         2
 Jinxbite                 Hex            0%         N/A       99%         2
 Searing Ray              Conj           0%         2d4       99%         2
 Gell's Gravitas          Tloc           0%         N/A       100%        3
 Teleport Other           Tloc           0%         N/A       100%        3
 Dimensional Bullseye     Hex/Tloc       0%         N/A       100%        4
 Dispel Undead            Necr           0%         3d6       100%        4
 Fulminant Prism          Conj/Alch      0%         3d5       100%        4
 Iskenderun's Mystic Bla  Conj/Tloc      0%         2d3       100%        4
 Yara's Violent Unravell  Hex/Alch       0%         3d3       100%        5
 Dispersal                Tloc           0%         N/A       100%        6
 Enfeeble                 Hex            0%         N/A       100%        7
 Call Imp                 Summ           Unusable   N/A       N/A         2
 Tukima's Dance           Hex            Unusable   N/A       N/A         3
 Martyr's Knell           Necr/Summ      Unusable   N/A       N/A         4
 Death Channel            Necr           Unusable   N/A       N/A         6

Dungeon Overview and Level Annotations

Branches:
Dungeon (12/15)            Temple (1/1) D:6            Lair (0/5) D:10
    Orc: D:9-12

Altars:
Ashenzari
Cheibriados
Dithmenos
Elyvilon
Gozag
Hepliaklqana
Kikubaaqudgha
Makhleb
Nemelex Xobeh
Okawaru
Qazlal
Ru
Sif Muna
Trog
Uskayaw
Vehumet
Wu Jian
Xom
Zin

Shops:
D:11 (?!(


Innate Abilities, Weirdness & Mutations

You have a pair of horns on your head.
You reflexively headbutt those who attack you in melee.


Message History

As you read the scroll of teleportation, it crumbles to dust.
You feel strangely unstable. The death yak gores you!!
* * * LOW HITPOINT WARNING * * *
Okay, then.
Blink to where?
Press: ? - help, Dir - move target
As you read the scroll of blinking, it crumbles to dust.
Your surroundings suddenly seem different.
Found 22 gold pieces.
You now have 253 gold pieces (gained 10).
You now have 265 gold pieces (gained 12).
You now have 275 gold pieces (gained 10).
D - a wand of digging (4)
You now have 283 gold pieces (gained 8).
Found 12 gold pieces.
The death yak bellows!
You hit the death yak.
The death yak is lightly wounded.
The death yak gores you!
You slash the death yak!
The death yak is lightly wounded.
You slash the death yak!
The death yak is moderately wounded.
The death yak gores you!!
The death yak bellows!
You hit the death yak. Your headbutt misses the death yak.
The death yak is moderately wounded.
The death yak gores you!!
The death yak bellows!
You hit the death yak but do no damage.
The death yak is moderately wounded.
The death yak gores you!!
* * * LOW HITPOINT WARNING * * *
You hit the death yak.
The death yak is moderately wounded.
The death yak gores you!!
* * * LOW HITPOINT WARNING * * *
The death yak attacks as it pursues you!
The death yak gores you!!
You die...

#.#............#
#..............#
#..............#
#.#....#.>.....####
########.#....#...#....[.#
#........#.............#.####
#........#.............#.....
##.......#......Y.....##.....
#.......#..@Y...Y.##$.......
#.............>...##.##.....
#.#+#...############.#######
#.+ +...# .. #.#+#...# ..
#.......# ..+ ##.###### $.#
#.# #.#


You could see 3 death yaks.

Vanquished Creatures
  A two-headed ogre (D:9)
  2 death yaks (D:10)
  A centaur warrior (D:8)
  A gargoyle (D:12)
  2 komodo dragons
  A troll (D:11)
  A hornet (D:8)
  Sigmund (D:4)
  A wraith (D:11)
  5 yaks
  A steam dragon (D:7)
  An acid dragon (D:8)
  A water moccasin (D:6)
  3 orc warriors
  An ice beast (D:8)
  An ogre (D:4)
  8 centaurs
  3 phantoms
  A kobold brigand (D:7)
  3 scorpions
  9 killer bees
  A howler monkey (D:5)
  4 crimson imps (D:8)
  3 jellies
  2 gnoll boudas
  A hound (D:4)
  4 orc priests
  A sleepcap (D:5)
  An iguana (D:5)
  5 orc wizards
  Robin (D:4)
  6 adders
  13 gnolls
  2 white imps
  2 ufetubi (D:7)
  2 ribbon worms
  2 dart slugs
  31 orcs
  4 ball pythons
  4 bats
  6 endoplasms
  2 giant cockroaches (D:1)
  15 goblins
  8 hobgoblins
  10 kobolds
  2 quokkas
  7 frilled lizards
  10 rats
197 creatures vanquished.

Notes
Turn   | Place    | Note
-------+----------+-------------------------------------------
     0 | D:1      | Peloso the Minotaur Fighter began the quest for the Orb.
     0 | D:1      | Reached XP level 1. HP: 19/19 MP: 0/0
   219 | D:1      | Reached XP level 2. HP: 26/27 MP: 1/1
   704 | D:1      | Reached XP level 3. HP: 33/33 MP: 2/2
  1248 | D:2      | Reached skill level 1 in Dodging
  1581 | D:2      | Reached skill level 3 in Long Blades
  1599 | D:3      | Reached XP level 4. HP: 40/41 MP: 3/3
  1624 | D:3      | Identified the +3 dagger of the Five Beggars {pain, rPois
                  | rF- rC+}
  1679 | D:3      | Reached skill level 4 in Long Blades
  1679 | D:3      | Reached XP level 5. HP: 47/47 MP: 4/4
  2106 | D:3      | Reached skill level 5 in Armour
  2220 | D:3      | Found a sparkling altar of Nemelex Xobeh.
  2265 | D:4      | Noticed Robin
  2325 | D:4      | Killed Robin
  2535 | D:4      | Noticed Sigmund
  2556 | D:4      | Killed Sigmund
  2557 | D:4      | Reached skill level 5 in Long Blades
  2557 | D:4      | Reached XP level 6. HP: 37/55 MP: 5/5
  2848 | D:5      | Entered Level 5 of the Dungeon
  2975 | D:4      | Reached skill level 5 in Fighting
  2975 | D:4      | Reached XP level 7. HP: 16/61 MP: 6/6
  3183 | D:5      | Reached skill level 6 in Long Blades
  3314 | D:5      | Reached skill level 5 in Shields
  3833 | D:6      | Reached XP level 8. HP: 69/69 MP: 7/7
  3840 | D:6      | Reached skill level 7 in Long Blades
  3911 | D:6      | Found a staircase to the Ecumenical Temple.
  3946 | Temple   | Entered the Ecumenical Temple
  4235 | D:6      | Reached skill level 1 in Stealth
  4697 | D:7      | Reached skill level 8 in Long Blades
  4932 | D:7      | Noticed a +0 hand axe
  4933 | D:7      | Found a hide-covered altar of Uskayaw.
  4933 | D:7      | Noticed a +0 hand axe
  5399 | D:7      | Found a shimmering blue altar of Sif Muna.
  5441 | D:8      | Reached XP level 9. HP: 54/77 MP: 8/8
  5494 | D:8      | Reached skill level 9 in Long Blades
  5581 | D:8      | Found a shimmering altar of Xom.
  5608 | D:8      | Found a white marble altar of Elyvilon.
  5819 | D:8      | Noticed a centaur warrior
  5832 | D:8      | HP: 3/78 [centaur warrior (10)]
  5836 | D:8      | Killed a centaur warrior
  5837 | D:8      | Reached skill level 10 in Long Blades
  6023 | D:8      | Found an opulent altar of Gozag.
  6024 | D:8      | Found an iron altar of Okawaru.
  6029 | D:8      | Paralysed by a hornet for 1 turns
  6034 | D:8      | Paralysed by a hornet for 2 turns
  6045 | D:8      | Became a worshipper of Warmaster Okawaru
  6398 | D:9      | Reached XP level 10. HP: 45/89 MP: 9/9
  6406 | D:9      | Reached * piety under Okawaru
  6477 | D:9      | Noticed a two-headed ogre
  6483 | D:9      | Killed a two-headed ogre
  6484 | D:9      | Reached skill level 11 in Long Blades
  6542 | D:9      | You fall into a shaft and drop 3 floors!
  6564 | D:12     | Noticed a gargoyle
  6581 | D:12     | Killed a gargoyle
  6581 | D:12     | Reached ** piety under Okawaru
  6711 | D:11     | Noticed a cyclops
  6794 | D:11     | Found Buips's Distillery.
  6797 | D:10     | Entered Level 10 of the Dungeon
  6797 | D:10     | Noticed a death yak
  6797 | D:10     | Noticed a death yak
  6797 | D:10     | Found a staircase to the Lair.
  6798 | D:10     | Noticed a death yak
  6801 | D:11     | Found Fosaqism's Weapon Shop.
  6803 | D:11     | Found Kymivaelu's Magic Scroll Shop.
  6804 | D:11     | Found Zubuatou's Weapon Shop.
  6810 | D:11     | Bought a scroll of blinking for 120 gold pieces
  6819 | D:11     | Bought a potion of mutation for 112 gold pieces
  6925 | D:11     | Identified the blade talisman of Dice, Bag, and Bottle
                  | {Int+2}
  7026 | D:11     | Reached skill level 12 in Long Blades
  7368 | D:11     | Reached skill level 10 in Armour
  7458 | D:10     | Noticed a death yak
  7458 | D:10     | Noticed a death yak
  7522 | D:10     | Killed a death yak
  7522 | D:10     | Reached *** piety under Okawaru
  7536 | D:10     | Killed a death yak
  7537 | D:10     | Reached XP level 11. HP: 21/97 MP: 8/10
  7537 | D:10     | HP: 1/97 [death yak (21)]
  7676 | D:10     | HP: 2/97 [death yak (23)]
  7677 | D:10     | Demolished by a death yak

Illustrated notes

Levels and vault maps discovered:
D:1:      elethiomel_arrival_maze, layout_basic
D:2:      layout_rooms
D:3:      layout_loops_cross, nemelex_dance_club_becter
D:4:      layout_basic, uniq_sigmund, uniq_robin
D:5:      layout_basic
D:6:      layout_basic, minmay_temple_entry_fiery
D:7:      nicolae_cairo_tiling_large, layout_basic, dancing_weapons_uskayaw,
          lemuel_blue_sif_altar
D:8:      layout_basic, led_xom_imps, grunt_temple_overflow_open,
          mainiacjoe_overflow_six_doors_small, small_chamber_with_monster
D:9:      layout_stronghold, uniq_pikel
D:10:     layout_roguey, grunt_temple_overflow_holy_war,
          fedhas_altar_fruit_tree, dpeg_lair_monsters,
          minmay_orc_entry_temple_small, serial_shops, nicolae_shop_behind_doors
D:11:     layout_cave_pools, minmay_shop_grid_forest
D:12:     layout_gridville
Temple:   nicolae_temple_hex_pool

Skill      XL: |  1  2  3  4  5  6  7  8  9 10 |
---------------+-------------------------------+-----
Armour         | 4 5 6 7 9 10 | 10.7
Fighting       | 4 5 6 8 9 |  9.4
Dodging        | 1 2 3 4 |  4.4
Long Blades    | 3 4 5 6 8 10 12 | 12.4
Shields        | 4 5 7 8 |  8.1
Stealth        | 1 2 |  2.0
Invocations    | |  0.1
Evocations     | |  0.1

Action                     |  1- 3 |  4- 6 |  7- 9 | 10-12 || total
---------------------------+-------+-------+-------+-------++-------
  Melee: Long sword        |   100 |   119 |   147 |       ||   366
         Headbutt          |     7 |    20 |    75 |    40 ||   142
         Scimitar          |       |       |   170 |   153 ||   323
 Invoke: Heroism           |       |       |       |     1 ||     1
  Evoke: Wand              |       |       |     2 |       ||     2
    Use: Potion            |     1 |       |     5 |       ||     6
         Scroll            |     4 |       |     3 |     2 ||     9
   Stab: Paralysed         |       |       |     7 |       ||     7
 Armour: Scale mail        |    43 |       |       |       ||    43
         Chain mail        |    52 |   125 |   378 |   145 ||   700
  Dodge: Dodged            |    52 |    55 |   183 |   107 ||   397
  Block: Buckler           |    24 |    34 |   126 |    55 ||   239
